[Event "*** Qualifier 1: Titled Tuesday 3|2 Blitz"]
[Site "Chess.com"]
[Date "2017.04.04"]
[Round "2"]
[White "larso"]
[Black "ruvat"]
[Result "1-0"]
[WhiteElo "2394"]
[BlackElo "2239"]
[TimeControl "180+2"]
[EndTime "13:23:53 PDT"]
[Termination "larso won on time"]

1. d4 d6 2. e4 Nf6 3. Nc3 g6 4.
f4 Bg7 5. Bd3 O-O 6. Nf3 Na6 7.
e5 Ng4 8. h3 Nh6 9. O-O c5 10.
d5 Nf5 11. Ne4 dxe5 12. Bxa6 bxa6 13. fxe5 Bb7 14. c4 Qb6 15. b3 Rad8 16. Re1 e6 17. d6 Bxe4 18. Rxe4 Nxd6 19. exd6 Bxa1 20. Bg5 Qxd6 21.
Qxa1 Qd1+ 22. Qxd1 Rxd1+ 23. Kf2 f6 24. Be3 e5 25.
Bxc5 Rf7 26. Re2 Rfd7 27. Be3 Kf7 28. Nd2 Ra1 29. Ne4 Rdd1 30. Nc5 Rf1+ 31. Kg3 f5 32.
Bg5 1-0

[Event "*** Qualifier 1: Titled Tuesday 3|2 Blitz"]
[Site "Chess.com"]
[Date "2017.04.04"]
[Round "2"]
[White "SmoothAsAHedgehog"]
[Black "cheese111"]
[Result "1-0"]
[WhiteElo "2528"]
[BlackElo "2232"]
[TimeControl "180+2"]
[EndTime "13:23:53 PDT"]
[Termination "SmoothAsAHedgehog won on time"]

1. Nf3 Nf6 2. c4 g6 3. g3 Bg7 4.
Bg2 O-O 5. O-O d6 6. Nc3 e5 7. d3 h6 8. Rb1 a5 9. a3 Re8 10.
Nd2 c6 11. b4 axb4 12. axb4 d5 13. b5 Be6 14. Bb2 Nbd7 15. Qc2 Qc7 16. Rfc1 Qb6 17. bxc6 bxc6 18. Ba1 Qa5 19. cxd5 cxd5 20. Rb5 Qc7 21. Rbb1 Rac8 22. Qd1 Qa7 23. Nb5 Rxc1 24. Rxc1 Qa5 25. Nc7 Rc8 26. Nxe6 Rxc1 27. Qxc1 fxe6 28. e4 Qc5 29. Qxc5 Nxc5 30. Bxe5 Nxd3 31. Bxf6 Bxf6 32.
exd5 exd5 33. Bxd5+ Kg7 34. Be4 Nc5 35. Bc2 Bc3 36.
Nf1 Ne6 37. Kg2 Bd4 38. h4 Bc5 39. Be4 Nd4 40. Nd2 Ne6 41. Nb3 Bb6 42. Bd5 Nd4 43.
Nd2 Nf5 44. Nc4 Bc5 45. Nb2 Ne7 46. Be4 Bd4 47. Nd3 Ng8 48. f4 Nf6 49. Kf3 Nd7 50. Bd5 1-0

[Event "*** Qualifier 1: Titled Tuesday 3|2 Blitz"]
[Site "Chess.com"]
[Date "2017.04.04"]
[Round "2"]
[White "AmazingAtlas"]
[Black "korason34"]
[Result "1/2-1/2"]
[WhiteElo "2294"]
[BlackElo "2352"]
[TimeControl "180+2"]
[EndTime "13:23:54 PDT"]
[Termination "Game drawn by repetition"]

1. e4 c5 2. Nc3 a6 3. Nf3 b5 4. d4 cxd4 5. Nxd4 Bb7 6. Bd3 d6 7.
O-O Nf6 8. Re1 Nbd7 9. Bg5 e6 10.
a4 b4 11. Nd5 exd5 12. exd5+ Be7 13. Nf5 Ne5 14. Nxe7 Qxe7 15. f4 Bxd5 16. fxe5 dxe5 17. Kh1 O-O 18. Bxf6 Qxf6 19. Bxh7+ Kxh7 20. Qxd5 Rac8 21. Qe4+ g6 22. Rad1 Rfd8 23. Rxd8 Rxd8 24. Qxb4 Qf2 25. Rg1 Rd2 26. Qc4 Rxc2 27. Qxa6 e4 28. Qf1 Qa7 29.
Qe1 e3 30. Rf1 e2 31. Qh4+ Kg7 32. Qf6+ Kg8 33. Qd8+ Kh7 34. Qh4+ Kg7 35. Qf6+ Kg8 36. Qd8+ Kh7 37. Qh4+ 1/2-1/2

[Event "*** Qualifier 1: Titled Tuesday 3|2 Blitz"]
[Site "Chess.com"]
[Date "2017.04.04"]
[Round "2"]
[White "TenisMaster"]
[Black "kleinebeer98"]
[Result "1-0"]
[WhiteElo "2648"]
[BlackElo "2466"]
[TimeControl "180+2"]
[EndTime "13:24:01 PDT"]
[Termination "TenisMaster won by resignation"]

1. e4 e5 2. Nf3 Nc6 3. Bb5 f5 4.
Nc3 fxe4 5. Nxe4 d5 6. Nxe5 dxe4 7. Nxc6 Qd5 8. c4 Qd6 9. Nxa7+ Bd7 10. Bxd7+ Qxd7 11. Qh5+ Kd8 12. Nb5 Nf6 13. Qe2 Bc5 14.
b4 Bxb4 15. Bb2 Rf8 16. O-O Bc5 17. Bxf6+ Rxf6 18. Qxe4 c6 19. d4 Bb4 20. Rab1 Bd2 21. Rb2 Ba5 22. Na3 Bc3 23. Rb3 Bxd4 24. Rd3 c5 25.
Nb5 Rxa2 26. Nxd4 cxd4 27. Rxd4 Rd6 28. Rxd6 Qxd6 29. Qxb7 Qd4 30. c5 Rc2 31. Qa8+ Kc7 32. Qa7+ Kc6 33. Qb6+ Kd5 34. Qd8+ Kc4 35. Qg8+ Kb4 36.
Rb1+ Kc3 37. Qb3+ Kd2 38. Qf3 Rc1+ 39. Rxc1 Kxc1 40. Qe3+ 1-0

[Event "*** Qualifier 1: Titled Tuesday 3|2 Blitz"]
[Site "Chess.com"]
[Date "2017.04.04"]
[Round "2"]
[White "daro94"]
[Black "Marcus_Harvey"]
[Result "1-0"]
[WhiteElo "2709"]
[BlackElo "2487"]
[TimeControl "180+2"]
[EndTime "13:24:08 PDT"]
[Termination "daro94 won by resignation"]

1. d4 e6 2. c4 Nf6 3. Nf3 Bb4+ 4.
Bd2 Qe7 5. g3 O-O 6. Bg2 Bxd2+ 7.
Qxd2 Ne4 8. Qc2 f5 9. O-O d6 10. Nc3 Nxc3 11. Qxc3 Nd7 12. b4 Nf6 13. Nd2 e5 14. a4 Re8 15. e3 e4 16. a5 Bd7 17. b5 d5 18. Rab1 b6 19. Rfc1 Rec8 20. Bf1 dxc4 21. Nxc4 bxa5 22. Nxa5 Rab8 23. Qc5 Kf8 24.
Ra1 Qxc5 25. Rxc5 Ne8 26. Nc6 Rb6 27. Rxa7 Nd6 28. Ne5 Bxb5 29. Rcxc7 Rxc7 30. Rxc7 Ra6 31. Bxb5 Nxb5 32. Rf7+ Ke8 33. Rxg7 Nc3 34. Rxh7 Ra1+ 35. Kg2 Ne2 36. Rf7 Rg1+ 37. Kh3 f4 38. gxf4 Rf1 39.
d5 Rxf2 40. d6 Ng1+ 41. Kg3 Rd2 42. d7+ Kd8 43. Rf8+ Ke7 44. Re8+ 1-0

[Event "*** Qualifier 1: Titled Tuesday 3|2 Blitz"]
[Site "Chess.com"]
[Date "2017.04.04"]
[Round "2"]
[White "rasmussvane"]
[Black "Bigfish1995"]
[Result "0-1"]
[WhiteElo "2502"]
[BlackElo "2644"]
[TimeControl "180+2"]
[EndTime "13:24:08 PDT"]
[Termination "Bigfish1995 won by resignation"]

1. Nf3 d5 2. d4 Nf6 3. c4 c6 4. Nc3 e6 5. Bg5 h6 6. Bxf6 Qxf6 7.
Qb3 dxc4 8. Qxc4 Nd7 9. e3 g6 10. Be2 Bg7 11. O-O O-O 12. Rfd1 Qe7 13. Qb3 b6 14.
Rac1 Bb7 15. Ne4 c5 16. Nc3 cxd4 17. Nxd4 Ne5 18. Bf1 Rfd8 19. Qc2 Qh4 20. Qe2 Rac8 21. g3 Qe7 22. Bg2 Bxg2 23. Kxg2 Qb7+ 24. Nf3 Rxd1 25.
Rxd1 Nc4 26. Rc1 Nxb2 27. Qxb2 Qc6 28. Qa3 Bxc3 29. Qxa7 g5 30. h3 Kg7 31. Rb1 b5 32. Qe7 Qd5 33. g4 b4 34. h4 Qe4 35. hxg5 Qxg4+ 36.
Kh2 Qxf3 37. gxh6+ Kh7 38. Qh4 Be5+ 39. Kg1 Rg8+ 0-1

[Event "*** Qualifier 1: Titled Tuesday 3|2 Blitz"]
[Site "Chess.com"]
[Date "2017.04.04"]
[Round "2"]
[White "aa175"]
[Black "Wolverine_master"]
[Result "1/2-1/2"]
[WhiteElo "1882"]
[BlackElo "1984"]
[TimeControl "180+2"]
[EndTime "13:24:14 PDT"]
[Termination "Game drawn - insufficient material"]

1. e4 d5 2. exd5 Qxd5 3. Nf3 Nc6 4. Nc3 Qd6 5. Be2 a6 6. d4 Nf6 7. Be3 Bg4 8. h3 Bh5 9. O-O O-O-O 10. Bc4 e5 11.
dxe5 Nxe5 12. Qxd6 Nxf3+ 13. gxf3 Bxd6 14. Kg2 Nd7 15. Ne4 Ne5 16. Be2 Be7 17. Rfd1 h6 18. c3 f5 19. Ng3 Bg6 20. Bf4 Bd6 21. Rd5 Rhe8 22. Rad1 Bf7 23. R5d2 g6 24. Bxh6 Bxa2 25.
Bg5 Be7 26. Rxd8+ Bxd8 27. Bxd8 Rxd8 28. Rxd8+ Kxd8 29. h4 Ke7 30. h5 f4 31. Ne4 gxh5 32. Nc5 Bd5 33. b4 h4 34. Kh3 Bxf3 35. Bxf3 Nxf3 36.
Nxb7 Ng1+ 37. Kxh4 Ne2 38. Nc5 Nxc3 39. Nxa6 Kd6 40.
Kg4 Nd5 41. b5 Nc3 42. Nxc7 Kxc7 43. Kxf4 Nxb5 44. Kg5 Nd6 45. f4 Kd7 46. Kf6 Ne4+ 47. Ke5 Ng3 48. Kf6 Ke8 49. Kg5 Kf7 50. Kg4 Ne2 51.
f5 Kf6 52. Kf3 Kxf5 1/2-1/2

[Event "*** Qualifier 1: Titled Tuesday 3|2 Blitz"]
[Site "Chess.com"]
[Date "2017.04.04"]
[Round "2"]
[White "Feegus"]
[Black "poummba"]
[Result "0-1"]
[WhiteElo "2351"]
[BlackElo "2382"]
[TimeControl "180+2"]
[EndTime "13:24:16 PDT"]
[Termination "poummba won by resignation"]

1. d4 g6 2. Bf4 Bg7 3. Nf3 c5 4.
c3 b6 5. e3 Bb7 6. Nbd2 d5 7.
Be2 Nf6 8. O-O O-O 9. a4 Nc6 10. h3 Re8 11. Ne5 Nd7 12. Nxd7 Qxd7 13. dxc5 e5 14.
Bg5 h6 15. Bh4 g5 16. Bg3 bxc5 17. e4 Na5 18. Bb5 Bc6 19. Bxc6 Qxc6 20. b4 cxb4 21. cxb4 Nc4 22. Rc1 Rac8 23. exd5 Qb7 24. Nxc4 Qxb4 25. Ne3 Rxc1 26. Qxc1 Qxa4 27. Qc6 Qxc6 28. dxc6 Rc8 29. Rc1 Kf8 30. Nd5 f5 31. f3 Kf7 32. Bf2 Ke6 33. Nb4 a5 34. Na6 e4 35. fxe4 fxe4 36. Nc5+ Kd5 37. Nb3 a4 38. Rc5+ Kd6 39.
Bg3+ Ke6 40. Nc1 Bd4+ 41. Bf2 Bxc5 42. Bxc5 Rxc6 43. Be3 a3 44. Nb3 Rc3 45. Nd4+ Kd5 46. Nf5 a2 47. Bd4 a1=Q+ 48. Kh2 Rxh3+ 49. Kxh3 Qxd4 0-1

[Event "*** Qualifier 1: Titled Tuesday 3|2 Blitz"]
[Site "Chess.com"]
[Date "2017.04.04"]
[Round "2"]
[White "Storne89"]
[Black "Kacparov"]
[Result "0-1"]
[WhiteElo "2552"]
[BlackElo "2611"]
[TimeControl "180+2"]
[EndTime "13:24:17 PDT"]
[Termination "Kacparov won on time"]

1. e4 c5 2. Nf3 e6 3. d4 cxd4 4.
Nxd4 Nc6 5. Nc3 Qc7 6. Be3 a6 7. a3 Nf6 8. f4 d6 9. Qf3 Be7 10. Bd3 Rb8 11. O-O Bd7 12. Rae1 Nxd4 13. Bxd4 e5 14. fxe5 dxe5 15. Qg3 Bc5 16. Bxc5 Qxc5+ 17. Kh1 Kf8 18. Nd5 Qd6 19. Bc4 Nxd5 20. Bxd5 f6 21. Rd1 Qe7 22. Qf2 Bg4 23. Rd2 Rc8 24. Qb6 Rc7 25. h3 Bc8 26. b4 h5 27. Rfd1 g5 28.
c4 Kg7 29. Rf1 g4 30. Rxf6 Qxf6 31. Qxc7+ Kh6 32. Qc5 Qf1+ 33. Qg1 Qf4 34. Rf2 Qg3 35. Rf6+ Kg5 36. Rd6 Rf8 37. Qc1+ Rf4 38. Rd8 Kh4 39.
Rxc8 gxh3 40. Qg1 Rf2 41. Rg8 hxg2+ 42. Qxg2 Rxg2 0-1

[Event "*** Qualifier 1: Titled Tuesday 3|2 Blitz"]
[Site "Chess.com"]
[Date "2017.04.04"]
[Round "2"]
[White "thegreendog"]
[Black "ka1ser64"]
[Result "0-1"]
[WhiteElo "2297"]
[BlackElo "2333"]
[TimeControl "180+2"]
[EndTime "13:24:21 PDT"]
[Termination "ka1ser64 won on time"]

1. d4 d5 2. c4 dxc4 3. e3 Nf6 4.
Bxc4 e6 5. Nf3 c5 6. b3 a6 7. a4 Nc6 8. Bb2 Qc7 9. Nbd2 Be7 10. Rc1 cxd4 11. Nxd4 O-O 12. O-O Rd8 13. Qe2 Bd7 14. Rfd1 Rac8 15. e4 Qb8 16. Nxc6 Bxc6 17. e5 Nd5 18.
Ne4 b5 19. axb5 axb5 20. Bxd5 Bxd5 21. Qg4 Bxb3 22. Nf6+ Kh8 23. Rxd8+ Rxd8 24. Qh5 gxf6 25. Qxf7 Qa7 26. h4 Rf8 27. Qh5 f5 28. Rc3 Bd5 29.
Rg3 Rg8 30. Rxg8+ Kxg8 31. Qe8+ Kg7 32. Qxb5 Bxh4 33. Qe2 Qb6 34. Bc1 Qb1 35. Qd2 Kg8 36.
Kh2 Be7 37. g3 Qe4 38. f3 Qxf3 0-1

[Event "*** Qualifier 1: Titled Tuesday 3|2 Blitz"]
[Site "Chess.com"]
[Date "2017.04.04"]
[Round "2"]
[White "AndrewMcStone"]
[Black "politeplayer"]
[Result "1-0"]
[WhiteElo "2016"]
[BlackElo "2112"]
[TimeControl "180+2"]
[EndTime "13:24:21 PDT"]
[Termination "AndrewMcStone won by resignation"]

1. d4 d5 2. c4 e6 3. Nc3 Bb4 4. a3 Bxc3+ 5. bxc3 Nf6 6. cxd5 exd5 7. e3 O-O 8. Bd3 c5 9. Ne2 c4 10. Bc2 Nc6 11. Ng3 Re8 12. f3 g6 13. O-O h5 14.
Bd2 h4 15. Nh1 Nh5 16. Nf2 Kg7 17. e4 Rh8 18. e5 Ng3 19. Re1 Rh5 20. Ng4 Bxg4 21.
fxg4 Rh7 22. Qf3 Ne4 23. Bxe4 dxe4 24. Qxe4 Ne7 25. Bg5 Qd7 26. Bf6+ Kg8 27. Rf1 Nd5 28. Rf3 Re8 29. Raf1 h3 30. gxh3 Nxf6 31. Rxf6 Rxh3 32. Rxf7 Qxf7 33. Rxf7 Kxf7 34. Qxb7+ Re7 35. Qd5+ Kg7 36. Qxc4 Rf7 37. Kg2 Re3 38. e6 Rf4 39. Qc7+ Kg8 40. Qxf4 1-0

[Event "*** Qualifier 1: Titled Tuesday 3|2 Blitz"]
[Site "Chess.com"]
[Date "2017.04.04"]
[Round "2"]
[White "Gabix_94"]
[Black "Zlatan56"]
[Result "1/2-1/2"]
[WhiteElo "2505"]
[BlackElo "2638"]
[TimeControl "180+2"]
[EndTime "13:24:23 PDT"]
[Termination "Game drawn by repetition"]

1. e4 g6 2. d4 Bg7 3. Nf3 d6 4. Bc4 a6 5. O-O e6 6. c3 Ne7 7. Re1 h6 8. Nbd2 b6 9. Nf1 Bb7 10. Ng3 Nd7 11. a4 Nf6 12. Bb3 O-O 13. Bc2 c5 14. Qe2 Qc7 15. Bf4 Nd7 16. h4 e5 17. Be3 exd4 18. cxd4 cxd4 19. Nxd4 Ne5 20. Rac1 Qc4 21. Qd2 Rac8 22. Rcd1 Qc7 23. Bxh6 Nc4 24.
Qf4 Be5 25. Qg4 Nxb2 26. Bxf8 Rxf8 27. h5 Nxd1 28. hxg6 Nxg6 29. Bb3 d5 30. Rxd1 Bxg3 31. fxg3 Qc8 32. Nf5 Qc5+ 33. Kh2 Re8 34. Bxd5 Bxd5 35. Rxd5 Qc2 36. Rd6 Qc3 37. Rxg6+ fxg6 38. Qxg6+ Kf8 39. Qh6+ Kg8 40. Qg6+ Kf8 41. Qh6+ Kg8 42. Qg6+ Kf8 1/2-1/2

[Event "*** Qualifier 1: Titled Tuesday 3|2 Blitz"]
[Site "Chess.com"]
[Date "2017.04.04"]
[Round "2"]
[White "HaryKane"]
[Black "jcgs1030"]
[Result "0-1"]
[WhiteElo "2398"]
[BlackElo "2292"]
[TimeControl "180+2"]
[EndTime "13:24:23 PDT"]
[Termination "jcgs1030 won by checkmate"]

1. e4 c5 2. Nf3 d6 3. d4 cxd4 4.
Nxd4 Nf6 5. Nc3 g6 6. Be3 Bg7 7. f3 O-O 8. Qd2 Nc6 9. Bc4 Bd7 10. h4 h5 11. O-O-O Rc8 12. Bb3 Ne5 13. Rdg1 Qa5 14. Kb1 Rxc3 15. Qxc3 Qxc3 16. bxc3 Rc8 17. Kb2 a5 18. a4 Bxa4 19. Ra1 Bxb3 20. cxb3 b6 21. Rhd1 Nfd7 22. Nb5 Nc5 23. Bxc5 Rxc5 24. Rd5 Rxd5 25. exd5 Nd3+ 26. Kc2 Nf4 27. g3 Nxd5 28. Kd3 Kf8 29. Re1 Nf6 30. Nc7 Nd7 31. Nd5 e6 32. Ne3 b5 33.
Ra1 Nc5+ 34. Kc2 a4 35. b4 Na6 36. Rb1 d5 37. Kd3 Nb8 38. Nc2 Nc6 39. Na3 Na7 40.
f4 Ke7 41. Nc2 Nc6 42. Na3 Na7 43. Rg1 Bf6 44. g4 hxg4 45. Rxg4 Kd6 46. Nc2 Nc6 47. Ne3 d4 48. cxd4 Nxb4+ 49. Ke4 a3 50. Rg1 Bxh4 51.
Ra1 a2 52. d5 exd5+ 53. Kd4 Bf6# 0-1

[Event "*** Qualifier 1: Titled Tuesday 3|2 Blitz"]
[Site "Chess.com"]
[Date "2017.04.04"]
[Round "2"]
[White "EvgenyT"]
[Black "Rating-Schmating"]
[Result "1-0"]
[WhiteElo "2418"]
[BlackElo "2217"]
[TimeControl "180+2"]
[EndTime "13:24:23 PDT"]
[Termination "EvgenyT won by resignation"]

1. Nf3 Nf6 2. c4 c5 3. Nc3 e6 4. g3 b6 5. Bg2 Bb7 6. O-O d6 7. Re1 a6 8. e4 Nbd7 9. d4 cxd4 10. Nxd4 Qc7 11. Be3 Be7 12. Rc1 O-O 13. f4 Rfe8 14. g4 Nc5 15. Bf2 g6 16. b4 Ncd7 17. Nd5 exd5 18.
cxd5 Qd8 19. Nc6 Bxc6 20. dxc6 Rc8 21. g5 Nh5 22. Bh3 Nb8 23. Bxc8 Qxc8 24. c7 Nd7 25.
Bg3 Qb7 26. Qd5 Qc8 27. Rc6 Nf8 28. Rec1 Ne6 29. Rxb6 Nexf4 30. Qc4 Ne6 31. Rb8 Nxg3 32. hxg3 Bxg5 33. Rxc8 Rxc8 34. Rc2 Rxc7 35. Qxc7 Nxc7 36. Rxc7 Bd2 37. a3 a5 38. b5 Kf8 39. Kg2 Be3 40.
a4 h5 41. Kf3 Bc5 42. Rc8+ Ke7 43. Ra8 Bb6 44. Ra6 Bc7 45. b6 Bd8 46. b7 Bc7 47. Ra8 d5 48. exd5 Kd6 49. b8=Q Bxb8 50. Rxb8 Kxd5 51. Rb5+ 1-0

[Event "*** Qualifier 1: Titled Tuesday 3|2 Blitz"]
[Site "Chess.com"]
[Date "2017.04.04"]
[Round "2"]
[White "Robin-Side"]
[Black "MagnusSeinFanboy"]
[Result "0-1"]
[WhiteElo "2379"]
[BlackElo "2236"]
[TimeControl "180+2"]
[EndTime "13:24:28 PDT"]
[Termination "MagnusSeinFanboy won on time"]

1. d4 d5 2. c4 e6 3. Nc3 Bb4 4. cxd5 exd5 5. Nf3 Nf6 6. Bg5 Nbd7 7.
e3 h6 8. Bh4 g5 9. Bg3 Ne4 10.
Nd2 Nxg3 11. hxg3 c6 12. Bd3 Nf6 13. Qc2 Qe7 14. a3 Bd6 15. Bf5 Bxf5 16. Qxf5 Qe6 17. Qd3 O-O-O 18. b4 Kb8 19. Na4 Ng4 20. Nc5 Bxc5 21.
bxc5 f5 22. Qb3 Qe7 23. Qd1 Nxe3 24. fxe3 Qxe3+ 25. Kf1 f4 26. gxf4 Rhf8 27. Rh3 Rxf4+ 28. Rf3 Rdf8 29. Qe2 Qxd4 30. Re1 g4 31. Rxf4 Rxf4+ 32. Nf3 Qe4 33. Qd2 Qc4+ 34. Kg1 gxf3 35. Re8+ Kc7 36. Qe3 f2+ 37. Kh2 Rh4+ 38. Kg3 f1=N+ 0-1

[Event "*** Qualifier 1: Titled Tuesday 3|2 Blitz"]
[Site "Chess.com"]
[Date "2017.04.04"]
[Round "2"]
[White "Boryboy"]
[Black "GamayevOleg"]
[Result "1-0"]
[WhiteElo "2313"]
[BlackElo "2394"]
[TimeControl "180+2"]
[EndTime "13:24:30 PDT"]
[Termination "Boryboy won by resignation"]

1. e4 d6 2. Bc4 Nf6 3. Nc3 e5 4. d3 Be7 5. h3 c6 6. Qf3 b5 7. Bb3 Nbd7 8. Nge2 Nc5 9. Be3 Nxb3 10. axb3 a6 11.
g4 h6 12. Ng3 Nh7 13. Nf5 Bxf5 14. gxf5 Bg5 15. O-O-O Bxe3+ 16. fxe3 a5 17. d4 Qc7 18.
dxe5 dxe5 19. Rhg1 Rg8 20. f6 Ng5 21. Qg4 g6 22. h4 Ne6 23. h5 a4 24. bxa4 b4 25. Nd5 cxd5 26. exd5 Rc8 27. Qe2 Ng5 28. Qb5+ Kd8 29. Rg2 Ne4 30. Qxb4 Nxf6 31. d6 Qc5 32.
Qh4 g5 33. Qf2 Nd7 34. Qxf7 Qxe3+ 35. Kb1 Re8 36. Qg6 Rb8 37. Qxh6 Qc3 38. Qxg5+ Kc8 39. b3 e4 40. Qd2 Qxd2 41. Rdxd2 Rh8 42. Rd4 Re8 43.
h6 Kb7 44. h7 Kc6 45. Rgd2 e3 46.
Rc4+ Kb6 47. Re2 Re6 48. Rb4+ Ka7 49. Rxb8 Kxb8 50. h8=Q+ Kb7 51. Qd4 Kc6 1-0

[Event "*** Qualifier 1: Titled Tuesday 3|2 Blitz"]
[Site "Chess.com"]
[Date "2017.04.04"]
[Round "2"]
[White "Ilja_Semjonovs"]
[Black "Aragon"]
[Result "1-0"]
[WhiteElo "2152"]
[BlackElo "2031"]
[TimeControl "180+2"]
[EndTime "13:24:36 PDT"]
[Termination "Ilja_Semjonovs won by checkmate"]

1. e4 d5 2. exd5 Qxd5 3. Nc3 Qd6 4. d4 c6 5. Nf3 Nf6 6. Ne5 Bf5 7. Bf4 Qd8 8. Bc4 e6 9. g4 Bg6 10. h4 Nbd7 11.
Nxd7 Qxd7 12. h5 Be4 13. f3 Bd5 14. Nxd5 cxd5 15. Bd3 Bd6 16. Bxd6 Qxd6 17. c3 a6 18. Qa4+ Qd7 19. Qxd7+ Nxd7 20. Kf2 Ke7 21. Ke3 Kd6 22. f4 h6 23. a4 b6 24. g5 hxg5 25. fxg5 e5 26.
dxe5+ Nxe5 27. Be2 Rhe8 28. h6 gxh6 29. gxh6 Nc4+ 30.
Kf2 Nxb2 31. h7 Nc4 32. Bxc4 dxc4 33. Rag1 Rh8 34. Ke3 f6 35. Kd4 b5 36. axb5 axb5 37. Rh6 Ke6 38. Re1+ Kf7 39. Rf1 Ra6 40. Kc5 Kg7 41.
Rh5 Kg6 42. Rh4 Ra7 43. Rg1+ Kf5 44. Rh5+ Kf4 45. Rh6 Rb7 46. Rxf6+ Ke3 47. Re6+ Kd2 48. Rg2+ Kd1 49. Ra6 Rc7+ 50. Kb4 Ra7 51. Rxa7 Ra8 52. Rxa8 Ke1 53. Ra1# 1-0

[Event "*** Qualifier 1: Titled Tuesday 3|2 Blitz"]
[Site "Chess.com"]
[Date "2017.04.04"]
[Round "2"]
[White "ZEN-22"]
[Black "RobertoJBM"]
[Result "1/2-1/2"]
[WhiteElo "2329"]
[BlackElo "2391"]
[TimeControl "180+2"]
[EndTime "13:24:41 PDT"]
[Termination "Game drawn - insufficient material"]

1. e4 c6 2. Bc4 d5 3. Bb3 dxe4 4.
Nc3 Nf6 5. f3 Bf5 6. g4 Bg6 7.
h4 h6 8. h5 Bh7 9. fxe4 Nxe4 10. Qf3 Ng5 11. Qf2 e6 12. d4 Nd7 13. Nh3 Nxh3 14. Rxh3 Be7 15. Bd2 Nf6 16. Qg1 Qc7 17. O-O-O O-O-O 18. g5 hxg5 19. Qxg5 Ne4 20. Qxg7 Nxd2 21.
Rxd2 Bf5 22. Rh1 Bd6 23. Rg2 Rh7 24. Qf6 Be7 25. Qe5 Qxe5 26. dxe5 Rdh8 27. Rgh2 Bg4 28. h6 Rxh6 29. Rxh6 Rxh6 30. Rg1 Bg5+ 31. Kb1 Be3 32. Rf1 Bf5 33. a4 Bd4 34. Re1 Bxc3 35. bxc3 Rh2 36. Kb2 Kc7 37. a5 Rh4 38. Rg1 Rh2 39. Rg7 Bg6 40.
Bxe6 Rxc2+ 41. Kb3 Rf2 42. Bc4 Kd8 43. e6 Ke7 44. exf7 Bxf7 45. Kb4 Rf4 46. Rxf7+ Rxf7 47. Bxf7 Kxf7 48. Kc5 Ke7 49. a6 bxa6 50. Kxc6 Kd8 51. c4 Kc8 52. c5 a5 53. Kb5 Kb7 54. Kxa5 Kc6 55. Kb4 a5+ 56. Kxa5 Kxc5 1/2-1/2

[Event "*** Qualifier 1: Titled Tuesday 3|2 Blitz"]
[Site "Chess.com"]
[Date "2017.04.04"]
[Round "2"]
[White "DavidMarkosyan"]
[Black "GeorgMeier"]
[Result "1-0"]
[WhiteElo "2359"]
[BlackElo "2711"]
[TimeControl "180+2"]
[EndTime "13:24:42 PDT"]
[Termination "DavidMarkosyan won by resignation"]

1. e4 e6 2. d3 d5 3. Nd2 Nf6 4. Ngf3 c5 5. g3 Nc6 6. Bg2 Be7 7. O-O O-O 8. Re1 b5 9. e5 Nd7 10. Nf1 Qc7 11. Bf4 Bb7 12. h4 Rfc8 13. Ne3 Qd8 14. Ng4 Bf8 15. h5 h6 16. Qd2 a5 17. Ngh2 Be7 18.
g4 b4 19. g5 hxg5 20. Nxg5 Nd4 21. Ngf3 Nf5 22. Bh3 Ra6 23. Kh1 c4 24. d4 c3 25.
bxc3 Rxc3 26. Bxf5 exf5 27. Rg1 Nf8 28. Bh6 g6 29.
Qf4 Bc8 30. Rg3 Ne6 31. Qd2 Ng7 32. Bxg7 Kxg7 33. Rag1 Qh8 34. hxg6 Rxg6 35. Rxg6+ fxg6 36. Qf4 Qh5 37. e6 Bxe6 38. Qe5+ Kf7 39. Re1 Rc6 40. Qb8 Bd6 41. Ne5+ Bxe5 42. Qxe5 Qh4 43. Kg1 Qg5+ 44. Kf1 Qf6 45. Nf3 f4 46. Kg2 Ke7 47.
Qxd5 Rxc2 48. Qxa5 Rc3 49. Qxb4+ 1-0

[Event "*** Qualifier 1: Titled Tuesday 3|2 Blitz"]
[Site "Chess.com"]
[Date "2017.04.04"]
[Round "2"]
[White "TheNextLevelFan"]
[Black "Usurpov"]
[Result "1-0"]
[WhiteElo "2353"]
[BlackElo "2280"]
[TimeControl "180+2"]
[EndTime "13:24:42 PDT"]
[Termination "TheNextLevelFan won by resignation"]

1. d4 Nf6 2. c4 g6 3. Nf3 Bg7 4.
Nc3 d5 5. Bf4 O-O 6. Rc1 dxc4 7.
e4 Bg4 8. Bxc4 Bxf3 9. gxf3 Nh5 10. Be3 e5 11. dxe5 Qxd1+ 12. Rxd1 Bxe5 13. O-O Nc6 14. Nd5 Bxb2 15. Rb1 Be5 16. f4 Bg7 17. Rxb7 Na5 18.
Rxc7 Nxc4 19. Rxc4 Rfd8 20. Rb1 f5 21. Ne7+ Kf7 22. Rc7 Ke6 23. e5 Bh6 24. Nc6 Rdc8 25. Re7+ Kd5 26. Nxa7 Rc2 27. Rf7 Bxf4 28. e6 Kxe6 29.
Rxh7 Bxe3 30. fxe3 Nf6 31. Rb6+ Ke5 32. Re7+ Kd5 33.
Rxf6 Rh8 34. Rxg6 Rhxh2 35. a4 Rhe2 36. Kf1 Rh2 37. Rd7+ Ke4 38. Rd1 Kf3 39. Kg1 Rh7 40.
Nb5 Kxe3 41. Rf1 Ra2 42. Re6+ Kd3 43. Rd6+ Kc4 44. Rd4+ Kb3 45. Rf3+ Kb2 46. Rd2+ 1-0

[Event "*** Qualifier 1: Titled Tuesday 3|2 Blitz"]
[Site "Chess.com"]
[Date "2017.04.04"]
[Round "2"]
[White "biostatistician"]
[Black "ShimanovAlex"]
[Result "1-0"]
[WhiteElo "2467"]
[BlackElo "2615"]
[TimeControl "180+2"]
[EndTime "13:24:44 PDT"]
[Termination "biostatistician won by resignation"]

1. d4 Nf6 2. Nf3 d6 3. c4 g6 4. Nc3 Bg7 5. e4 O-O 6. Be2 e5 7. dxe5 dxe5 8. Qxd8 Rxd8 9. Bg5 Na6 10. Nd5 Rd6 11. Bxf6 Bxf6 12. Nxf6+ Rxf6 13. Rd1 Bg4 14. Nxe5 Bxe2 15. Kxe2 Re8 16. Nd7 Rc6 17. Rd4 Kg7 18. a3 Rce6 19. f3 c5 20. Rd3 b6 21. Kf2 Nc7 22. Rhd1 f5 23. e5 f4 24. g3 fxg3+ 25.
hxg3 R6e7 26. Nf6 Rf8 27. Rd7 Rff7 28. f4 Ne6 29. Ke3 Nd4 30. Rxe7 Rxe7 31. Ke4 h5 32. g4 hxg4 33. Nxg4 Re8 34. Rh1 Ne6 35. Nf6 Re7 36. Rh7+ Kf8 37. Rxe7 Kxe7 38. Nd5+ Kd7 39. f5 gxf5+ 40.
Kxf5 Nd4+ 41. Kf6 Ne6 42. b4 cxb4 43. axb4 Nd4 44. b5 Ne6 45. Kf7 Ng5+ 46. Kf6 Ne6 47. Kf5 Nd4+ 48. Ke4 Ne6 49. Nf4 Ng7 50. Kd5 Nf5 51. e6+ Ke7 52. Ke5 Ne3 53. Nd5+ Ke8 54. Nxe3 1-0

[Event "*** Qualifier 1: Titled Tuesday 3|2 Blitz"]
[Site "Chess.com"]
[Date "2017.04.04"]
[Round "2"]
[White "Noukii"]
[Black "Blitzstream"]
[Result "0-1"]
[WhiteElo "2671"]
[BlackElo "2504"]
[TimeControl "180+2"]
[EndTime "13:24:45 PDT"]
[Termination "Blitzstream won by resignation"]

1. d4 Nf6 2. Nf3 b5 3. e3 a6 4. a4 b4 5. a5 e6 6. c4 bxc3 7. Nxc3 c5 8. d5 exd5 9. Nxd5 Nc6 10. Bc4 g6 11. Nb6 Rb8 12. Qb3 d5 13. Bxd5 Nxd5 14. Qxd5 Qxd5 15. Nxd5 Bg7 16. Nc7+ Kd7 17. Nd5 Nb4 18.
Nxb4 Rxb4 19. O-O Kc6 20. Bd2 Rxb2 21. Rac1 Bg4 22. Be1 Rd8 23. h3 Bf5 24. Bc3 Bxc3 25. Rxc3 Kb5 26. Rfc1 Rd5 27. Ng5 Rb1 28. e4 Rd1+ 29.
Rxd1 Rxd1+ 30. Kh2 Be6 31. Nxh7 Kb4 32. Re3 c4 33. Ng5 c3 34. Re2 Kb3 35. Nxe6 fxe6 36. Kg3 c2 37. Rxc2 Kxc2 38. Kf4 Ra1 39. Ke5 Rxa5+ 40.
Kxe6 Ra1 41. Kf6 a5 42. f4 a4 43. e5 a3 44. e6 Re1 45. e7 a2 46. Kf7 a1=Q 0-1

[Event "*** Qualifier 1: Titled Tuesday 3|2 Blitz"]
[Site "Chess.com"]
[Date "2017.04.04"]
[Round "2"]
[White "rupeshjswl7"]
[Black "proxy6"]
[Result "0-1"]
[WhiteElo "2075"]
[BlackElo "2221"]
[TimeControl "180+2"]
[EndTime "13:24:47 PDT"]
[Termination "proxy6 won by resignation"]

1. d4 Nf6 2. Nf3 e6 3. Bf4 d5 4.
e3 c5 5. c3 Nc6 6. Bd3 Bd6 7.
Bg3 O-O 8. Nbd2 c4 9. Bc2 b5 10. a3 a5 11. O-O Rb8 12. e4 Bxg3 13. hxg3 dxe4 14. Nxe4 g6 15. Nxf6+ Qxf6 16. Qe2 Bb7 17.
Rfe1 Rfe8 18. Be4 Ne7 19. Bxb7 Rxb7 20. Ne5 Nd5 21. Rac1 Qg7 22. Qe4 f6 23. Nc6 Qc7 24.
Qxd5 exd5 25. Rxe8+ Kf7 26. Re7+ Qxe7 27. Nxe7 Rxe7 28.
Kf1 Rb7 29. Re1 b4 30. axb4 axb4 31. Re3 bxc3 32. bxc3 Rb2 33. g4 Rc2 34. g3 h6 35.
Kg2 Rc1 36. Kf3 g5 37. Kg2 Kg6 38. Kf3 Rc2 39. Kg2 Rd2 40. Kf3 h5 41. gxh5+ Kxh5 42. Kg2 Kg4 43. Re6 Kf5 44. Rd6 Ke4 45. Re6+ Kd3 46. Re3+ Kc2 47. Rf3 Rd3 48. Rxf6 Kxc3 49. f4 gxf4 50. g4 Rg3+ 51. Kf2 Rxg4 52. Kf3 Rh4 53.
Rf5 Kxd4 54. Rf8 c3 55. Rc8 Kd3 56. Rh8 Rxh8 0-1